 Dungeon Crawl Stone Soup version 0.23.2-1-ga50397a (webtiles) character file.

Game seed: 10824087438187772260

247 teukkam the Covered (level 5, -1/42 HPs)
             Began as a Minotaur Fighter on May 14, 2019.
             Was a Follower of Hepliaklqana.
             Slain by an azure jelly (3 damage)
             ... created by the vengeance of Jiyva
             ... on level 3 of the Dungeon.
             The game lasted 00:06:50 (1654 turns).

teukkam the Covered (Minotaur Fighter)              Turns: 1654, Time: 00:06:51

Health: -1/42      AC:  7    Str: 21    XL:     5   Next: 85%
Magic:  5/5        EV:  7    Int:  5    God:    Hepliaklqana [*.....]
Gold:   97         SH:  9    Dex: 10    Spells: 4/4 levels left

rFire    . . .     SeeInvis .   a - +0 war axe
rCold    . . .     Gourm    .   c - +0 shield
rNeg     . . .     Faith    .   b - +0 scale mail
rPois    .         Spirit   .   (helmet restricted)
rElec    .         Reflect  .   (no cloak)
rCorr    .         Harm     .   (no gloves)
MR       .....     Rnd*Tele +   (no boots)
Stlth    ..........             l - amulet of regeneration
HPRegen  0.54/turn              m - ring of teleportation (curse)
MPRegen  0.09/turn              (no ring)

@: about to teleport
A: retaliatory headbutt, reduced essence, horns 2
a: Recall Ancestor, Ancestor Identity, Renounce Religion


You were on level 3 of the Dungeon.
You worshipped Hepliaklqana.
Hepliaklqana was aware of your devotion.
You were not hungry.

You visited 1 branch of the dungeon, and saw 3 of its levels.

You collected 97 gold pieces.

Inventory:

Hand Weapons
 a - a +0 war axe (weapon)
 g - a +0 short sword of protection
Armour
 b - a +0 scale mail (worn)
 c - a +0 shield (worn)
Jewellery
 l - an amulet of regeneration (around neck)
 m - a cursed ring of teleportation (left hand)
 n - an uncursed amulet of rage
Wands
 o - a wand of flame (17)
 t - a wand of random effects (21)
 u - a wand of iceblast (10)
Scrolls
 e - a scroll of fear
 k - 2 scrolls of magic mapping
 p - a scroll of identify
Potions
 d - a potion of might
 i - a potion of cancellation {unknown}
 j - a potion of haste {unknown}
 q - a potion of brilliance {unknown}
 s - a potion of flight {unknown}
 v - a potion of degeneration {unknown}
Comestibles
 f - 7 rations
 h - 10 chunks of flesh


   Skills:
 + Level 4.8 Fighting
 + Level 3.9 Axes
 + Level 4.9 Armour
 + Level 4.8 Shields
 + Level 2.1 Invocations


You had 4 spell levels left.
You didn't know any spells.
Your spell library was empty.

Dungeon Overview and Level Annotations

Branches:
Dungeon (3/15)

Altars:
Fedhas
Hepliaklqana
Nemelex Xobeh


Innate Abilities, Weirdness & Mutations

You reflexively headbutt those who attack you in melee.
You have a pair of horns on your head.
Your life essence is reduced to manifest your ancestor. (-10% HP)


Message History

As you read the scroll labeled MITHUW KEYNAGH, it crumbles to dust.
You feel strangely unstable.
It was a scroll of teleportation.
You hit the glowing orange brain. You headbutt the glowing orange brain.
The glowing orange brain is lightly wounded.
You hit the floating eye.
Octavia hits the glowing orange brain.
The floating eye's stare focuses on you.
Octavia hits the glowing orange brain but does no damage.
Unknown command.
You slash the glowing orange brain!
The glowing orange brain is moderately wounded.
You hit the floating eye. You hit the azure jelly.
The azure jelly hits you but does no damage.
The azure jelly barely misses you. You block the azure jelly's attack.
The azure jelly barely misses you.
Octavia hits the glowing orange brain.
You block the azure jelly's attack. The azure jelly hits you!
The azure jelly freezes you!!
Ouch! That really hurt!
* * * LOW HITPOINT WARNING * * *
The azure jelly hits you.
You die...

###########
#....J@G..#
#>....RG..#
#........?#
#.<.......#
#.........#
###รท........#
#......)....#
#####.#.........#
#.....#.........#


You could see the friendly Octavia the ancestor, an azure jelly, a glowing
orange brain and a floating eye.

Vanquished Creatures
  An orc wizard (D:3)
  2 orc priests (D:3)
  Jessica (D:2)
  Ijyb (D:3)
  An iguana (D:3)
  Robin (D:2)
  An adder (D:3)
  An ooze (D:1)
  A worm (D:2)
  A dart slug (D:1)
  A leopard gecko (D:1)
  4 bats
  2 giant cockroaches (D:2)
  12 goblins
  6 hobgoblins
  A ball python (D:2)
  5 frilled lizards
  5 kobolds
  5 rats
52 creatures vanquished.

Vanquished Creatures (collateral kills)
  An orc (D:3)
  A bat (D:3)
  A giant cockroach (D:2)
  A goblin (D:3)
  A rat (D:2)
5 creatures vanquished.

Vanquished Creatures (others)
  An ancestor (D:2)
1 creature vanquished.

Grand Total: 58 creatures vanquished

Notes
Turn   | Place    | Note
-------+----------+-------------------------------------------
     0 | D:1      | teukkam the Minotaur Fighter began the quest for the Orb.
     0 | D:1      | Reached XP level 1. HP: 19/19 MP: 0/0
     2 | D:1      | Noticed a centaur
     2 | D:1      | Noticed a tengu
     4 | D:1      | Noticed a spriggan
     4 | D:1      | Noticed an octopode
     6 | D:1      | Noticed a merfolk
     6 | D:1      | Noticed a vine stalker
     8 | D:1      | Noticed an elf
     8 | D:1      | Noticed a naga
    10 | D:1      | Noticed a halfling
    10 | D:1      | Noticed an ogre
    12 | D:1      | Noticed a troll
    14 | D:1      | Noticed a ghoul
    14 | D:1      | Noticed a demigod
    16 | D:1      | Noticed a dwarf
    16 | D:1      | Noticed a felid
    18 | D:1      | Noticed a minotaur
    18 | D:1      | Noticed a human
    20 | D:1      | Noticed a vampire
    22 | D:1      | Noticed a formicid
    24 | D:1      | Noticed a gargoyle
    24 | D:1      | Noticed a demonspawn
    27 | D:1      | Noticed a draconian
   290 | D:1      | Found a sparkling altar of Nemelex Xobeh.
   299 | D:1      | Became a worshipper of Nemelex Xobeh the Trickster
   306 | D:1      | Received a gift from Nemelex Xobeh
   404 | D:1      | Reached XP level 2. HP: 25/27 MP: 1/1
   951 | D:2      | Found a blossoming altar of Fedhas.
   985 | D:2      | Found a faded altar of an unknown god.
  1009 | D:2      | Fell from the grace of Nemelex Xobeh
  1009 | D:2      | Became a worshipper of Hepliaklqana the Forgotten
  1009 | D:2      | Reached * piety under Hepliaklqana
  1059 | D:2      | Noticed Robin
  1061 | D:2      | Reached XP level 3. HP: 29/29 MP: 2/2
  1079 | D:2      | Killed Robin
  1079 | D:2      | Reached skill level 1 in Invocations
  1197 | D:2      | Noticed Jessica
  1203 | D:2      | Killed Jessica
  1203 | D:2      | Reached XP level 4. HP: 36/36 MP: 3/3
  1480 | D:3      | Reached XP level 5. HP: 27/42 MP: 5/5
  1627 | D:3      | Noticed Ijyb
  1635 | D:3      | Killed Ijyb
  1652 | D:3      | Noticed an azure jelly
  1652 | D:3      | Noticed a glowing orange brain
  1652 | D:3      | Noticed a floating eye
  1654 | D:3      | HP: 2/42 [azure jelly[the vengeance of Jiyva] (32)]
  1654 | D:3      | Slain by an azure jelly

Skill      XL: |  1  2  3  4  5 |
---------------+----------------+-----
Armour         | 4 |  4.9
Fighting       | 4 |  4.8
Shields        | 4 |  4.8
Axes           | 3 |  3.9
Invocations    | 1 2 |  2.1

Action                   |  1- 3 |  4- 6 || total
-------------------------+-------+-------++-------
Melee: War axe           |    75 |    42 ||   117
       Short sword       |     4 |       ||     4
       Headbutt          |    10 |     4 ||    14
  Use: Scroll            |     5 |     1 ||     6
       Potion            |       |     1 ||     1
  Eat: Chunk             |     1 |     2 ||     3
Armor: Scale mail        |    26 |    23 ||    49
Dodge: Dodged            |    23 |    13 ||    36
Block: Shield            |    43 |    29 ||    72
